 Dungeon Crawl Stone Soup version 0.26-a0-812-g31a745ddcd (webtiles) character file.

Game seed: 7368532810654018860

796 tilp the Ruffian (level 7, -3/70 HPs)
             Began as an Ogre Transmuter on Dec 8, 2020.
             Was a Follower of Makhleb.
             Killed from afar by a white imp (6 damage)
             ... with a puff of frost
             ... on level 5 of the Dungeon.
             The game lasted 00:08:15 (7947 turns).

tilp the Ruffian (Ogre Transmuter)                  Turns: 7947, Time: 00:08:16

Health: -3/70      AC:  3    Str: 15    XL:     7   Next: 89%
Magic:  13/13      EV: 10    Int: 16    God:    Makhleb [*.....]
Gold:   353        SH:  0    Dex:  9    Spells: 4/14 levels left

rFire    . . .     SeeInvis .     - Unarmed
rCold    . . .     Faith    .   (no shield)
rNeg     . . .     Spirit   .   a - +0 robe
rPois    .         Reflect  .   (helmet restricted)
rElec    .         Harm     .   (no cloak)
rCorr    .         Rampage  .   (gloves unavailable)
MR       .....                  (boots unavailable)
Stlth    +.........             (no amulet)
HPRegen  0.21/turn              (no ring)
MPRegen  0.13/turn              (no ring)

@: wereblooded (expiring)
A: large, unfitting armour, tough skin 1
a: Renounce Religion


You were on level 5 of the Dungeon.
You worshipped Makhleb.
Makhleb was aware of your devotion.
You visited 1 branch of the dungeon, and saw 5 of its levels.

You collected 353 gold pieces.

Inventory:

Missiles
 b - 6 boomerangs
 c - 75 stones
 k - 2 throwing nets {!f}
 q - 13 poisoned darts (quivered)
Armour
 a - a +0 robe (worn)
Wands
 j - a wand of random effects (12)
Scrolls
 d - a scroll of fog
 g - a scroll of blinking {unknown}
 h - a scroll of teleportation
 i - 3 scrolls of enchant weapon
 o - a scroll of enchant armour {unknown}
 p - a scroll of remove curse {unknown}
Potions
 e - a potion of haste
 f - a potion of flight {unknown}
 l - 2 potions of magic
 m - a potion of might {unknown}


   Skills:
 - Level 4.0 Fighting
 - Level 1.7 Dodging
 + Level 5.9 Unarmed Combat
 - Level 4.0 Spellcasting
 - Level 4.0 Transmutations
 - Level 2.0 Poison Magic


You had 4 spell levels left.
You knew the following spells:

 Your Spells              Type           Power        Failure   Level
a - Beastly Appendage     Tmut           ###...       3%          1
b - Wereblood             Tmut           ###.....     4%          2
c - Spider Form           Tmut/Pois      ##........   14%         3
d - Ice Form              Ice/Tmut       #.......     58%         4

Your spell library contained the following spells:

 Spells                   Type           Power        Failure   Level
 Blade Hands              Tmut           ###.......   65%         5


Dungeon Overview and Level Annotations

Branches:
Dungeon (5/15)
 Temple: D:4-7

Altars:
Dithmenos
Hepliaklqana
Makhleb
Okawaru
Sif Muna
Xom


Innate Abilities, Weirdness & Mutations

You are too large for most types of armour.
You have tough skin. (AC +1)


Message History

You howl as the wereblood boils in your veins!
The jackal bites you.
* * * LOW HITPOINT WARNING * * *
You punch the jackal!
You kill the jackal!
Makhleb accepts your kill.
You howl as the wereblood boils in your veins!
The white imp gestures at you. The puff of frost misses you.
The white imp gestures at you. The puff of frost hits you!
* * * LOW HITPOINT WARNING * * *
You see here a jackal corpse.
You closely miss the white imp. The white imp closely misses you.
You closely miss the white imp.
Your primal bloodlust is almost over.
A howler monkey skeleton comes into view.
The white imp gestures at you. The puff of frost hits you.
You die...

#..............
#..............>#
#...............#
+...............#
.#####...............#
Z....................###
.......)†...............
.......†................
......5@................
...............#+####...
###+############....'...
#.....#... #....[#...
#######... #.........
########......###
...........)..#..


You could see a white imp and a howler monkey skeleton.

Vanquished Creatures
  Sigmund (D:4)
  A centaur (D:5)
  A hound (D:3)
  2 jellies (D:5)
  2 orc wizards
  An orc priest (D:4)
  A centaur skeleton (D:5)
  A bullfrog skeleton (D:5)
  An iguana (D:3)
  3 worker ants (D:4)
  4 gnolls
  5 adders
  2 white imps (D:5)
  3 oozes
  4 worms
  A dart slug (D:2)
  4 leopard geckos
  10 orcs
  11 bats
  7 giant cockroaches
  16 goblins
  7 hobgoblins
  16 jackals
  3 quokkas
  4 frilled lizards
  5 kobolds
  A leopard gecko skeleton (D:4)
  A quokka zombie (D:5)
  5 rats
123 creatures vanquished.

Notes
Turn   | Place    | Note
-------+----------+-------------------------------------------
     0 | D:1      | tilp the Ogre Transmuter began the quest for the Orb.
     0 | D:1      | Reached XP level 1. HP: 19/19 MP: 3/3
   230 | D:1      | Reached XP level 2. HP: 24/28 MP: 5/5
   452 | D:1      | Reached skill level 3 in Unarmed Combat
   510 | D:1      | Learned a level 2 spell: Wereblood
   751 | D:1      | Reached XP level 3. HP: 15/35 MP: 2/6
  1378 | D:1      | Learned a level 3 spell: Spider Form
  1606 | D:2      | Reached skill level 4 in Unarmed Combat
  1710 | D:2      | Reached XP level 4. HP: 35/42 MP: 5/7
  2893 | D:2      | Found a faded altar of an unknown god.
  3034 | D:2      | Reached XP level 5. HP: 50/50 MP: 9/9
  3463 | D:3      | Reached skill level 1 in Poison Magic
  3980 | D:3      | Found an iron altar of Okawaru.
  3988 | D:3      | Found a burning altar of Makhleb.
  3994 | D:3      | Became a worshipper of Makhleb the Destroyer
  4462 | D:3      | Found a shimmering blue altar of Sif Muna.
  4819 | D:4      | Reached XP level 6. HP: 40/61 MP: 8/10
  5937 | D:4      | You fall into a shaft and drop 1 floor!
  5937 | D:5      | Entered Level 5 of the Dungeon
  6185 | D:5      | Learned a level 4 spell: Ice Form
  6256 | D:5      | Found a shimmering altar of Xom.
  6257 | D:5      | Found a hazy altar of Hepliaklqana.
  6258 | D:5      | Noticed a spectral ugly thing
  6325 | D:4      | Found a shadowy altar of Dithmenos.
  6485 | D:4      | Noticed Sigmund
  6516 | D:4      | Killed Sigmund
  6516 | D:4      | Reached skill level 5 in Unarmed Combat
  6516 | D:4      | Reached XP level 7. HP: 38/70 MP: 10/13
  7930 | D:5      | Reached * piety under Makhleb
  7945 | D:5      | HP: 3/70 [white imp/puff of frost (9)]
  7947 | D:5      | Killed from afar by a white imp

Illustrated notes

Levels and vault maps discovered:
D:1:      elethiomel_arrival_quiet, layout_loops_ring
D:2:      cheibrodos_greedy_goblins, layout_loops_ring,
          chequers_ecumenical_altar_grove
D:3:      layout_basic, overflow_temple_1_default, lemuel_crystal_altar,
          overflow_temple_1_default
D:4:      layout_basic, grunt_dithmenos_smoke_and_mirrors, uniq_sigmund
D:5:      layout_gridville, regret_index_temple_of_mockery, serial_shops,
          kennysheep_mini, minmay_manual_maat, uniq_eustachio

Skill      XL: |  1  2  3  4  5  6  7 |
---------------+----------------------+-----
Transmutations | 2 3 4 |  4.0
Fighting       | 2 3 4 |  4.0
Unarmed Combat | 3 4 5 |  5.9
Poison Magic   | 1 2 |  2.0
Spellcasting   | 3 4 |  4.0
Dodging        | |  1.7

Action                   |  1- 3 |  4- 6 |  7- 9 || total
-------------------------+-------+-------+-------++-------
Melee: Unarmed           |    89 |   279 |    71 ||   439
       Headbutt          |     8 |    18 |     7 ||    33
       Kick              |     7 |    24 |    11 ||    42
       Punch             |     2 |     5 |     4 ||    11
Throw: Stone             |       |    11 |       ||    11
       Dart              |       |       |     5 ||     5
 Cast: Beastly Appendage |     9 |    20 |     5 ||    34
       Wereblood         |     2 |     8 |     1 ||    11
  Use: Scroll            |     1 |     6 |     2 ||     9
       Potion            |       |     2 |       ||     2
Armor: Robe              |    27 |    60 |    29 ||   116
Dodge: Dodged            |    59 |   131 |    58 ||   248

Table legend: (Time is in decaauts)
 A = Elapsed time spent in this place.
 B = Non-inter-level travel time spent in this place.
 C = Inter-level travel time spent in this place.
 D = Time resting spent in this place.
 E = Time spent auto-exploring this place.
 F = Levels seen in this place.
 G = Mean time per level.
                   A        B        C        D        E       F      G
               +--------+--------+--------+--------+--------+-----+--------+
         Total |   7918 |   7779 |    139 |   3135 |   3661 |   5 | 1583.6 |
       Dungeon |   7918 |   7779 |    139 |   3135 |   3661 |   5 | 1583.6 |
               +--------+--------+--------+--------+--------+-----+--------+

Top non-repeatable levels by time:
     D:4: 2132 daAuts
     D:2: 2001 daAuts
     D:3: 1619 daAuts
     D:1: 1402 daAuts
     D:5: 763 daAuts
